[Event "10th Cesme Open-A 2024"]
[Site "Cesme"]
[Date "2024.06.29"]
[Round "8"]
[White "Kharitonov, Alexandr"]
[Black "Grover, Sahaj"]
[Result "1-0"]
[ECO "A58"]
[WhiteElo "2522"]
[BlackElo "2510"]
[Annotator "TA"]
[PlyCount "87"]
[EventDate "2024.06.23"]
[EventType "swiss"]
[EventCountry "TUR"]
[SourceTitle "playchess.com"]
[Source "ChessBase"]
[SourceQuality "1"]
[TimeControl "5400+30"]

1. d4 Nf6 2. c4 c5 3. d5 b5 4. cxb5 a6 5. bxa6 g6 6. Nc3 Bg7 7. e4 O-O 8. e5 {[%emt 0:00:30] White is slightly better.} Ne8 9. Nf3 d6 10. exd6 exd6 11. Be2 Nxa6 12. O-O Qb6 (12... Nf6 $11 {remains equal.}) 13. Nd2 $1 $16 f5 14. Nc4 Qd8 15. Nb5 ({White should play} 15. Bf4 $16) 15... Rb8 ({Better is} 15... Nac7 $14 16. Nxc7 Nxc7) 16. a4 $18 Nac7 17. Na5 {[%emt 0:22:30] aiming for Nc6.} Ra8 18. Nc6 Qf6 19. f4 $2 (19. Ra3 $18) 19... Nxb5 $14 20. Bxb5 Nc7 {[%emt 0:00:00] Hoping for ...Nxb5.} 21. Ra3 Re8 22. Re1 Rxe1+ 23. Qxe1 {[%emt 0:00:30] Re3 would now be deadly.} Bb7 (23... Kf8 $14) 24. Re3 $1 $16 Kf8 25. Qd1 {[%emt 0:03:30] White is more active.} (25. Qe2 $16) 25... Re8 (25... Bxc6 $1 $14 26. Bxc6 Qd4) 26. Rxe8+ Nxe8 (26... Kxe8 $16 27. h3 Kf8) 27. Kf1 (27. Qb3 $1 $18) 27... Nc7 28. Bc4 {[%emt 0:00:30] Black must now prevent Qb3.} Bxc6 (28... Qh4 $16) 29. dxc6 $18 Qe7 30. Qd3 Bd4 {[%emt 0:00:33] [#]} 31. b4 $1 {[%emt 0:01:30][%mdl 512] b5 is the strong threat.} d5 32. bxc5 Bxc5 {[%emt 0:00:30] [#]} 33. Bb5 (33. Bxd5 Bb4 34. Bd2 Bxd2 35. Qxd2 Qd6 $19) 33... Qe4 34. Qc3 Bd4 35. Qa3+ Kg8 36. Bd3 Qe6 37. Qb4 Qxc6 38. Ba3 $36 {[%emt 0:00:39][%mdl 2048] White has the initiative.} Ne6 {[%emt 0:01:31][%cal Og8g7] Inhibits Qf8+.} 39. a5 Bc5 $2 (39... Ba7 $16 40. h3 Qc7) 40. Qb8+ Kf7 $2 (40... Bf8) 41. Bb5 {[%emt 0:00:24] White is clearly winning.} Qc7 {[%emt 0:00:54] [#]} 42. Qxc7+ $1 Nxc7 43. Bxc5 Nxb5 44. Bb6 {[%emt 0:00:22] Weighted Error Value: White=0.18 (very precise) /Black=0.35.  Loses game:     	---       	Black=1      Mistake:       	White=4     	Black=7      Inaccurate:     	---       	Black=1      OK:         	White=10    	Black=11     Best:        	White=4     	Black=2      Strong:       	White=2     	---        Brilliant:      	White=1     	---} (44. a6 Nc7 45. a7 Ke6 $18) 1-0

[Event "10th Cesme Open-A 2024"]
[Site "Cesme"]
[Date "2024.06.29"]
[Round "8"]
[White "Gholami, Aryan"]
[Black "Bolat, Inayat"]
[Result "1/2-1/2"]
[ECO "E60"]
[WhiteElo "2481"]
[BlackElo "2232"]
[Annotator "TA"]
[PlyCount "106"]
[EventDate "2024.06.23"]
[EventType "swiss"]
[EventCountry "TUR"]
[SourceTitle "playchess.com"]
[Source "ChessBase"]
[SourceQuality "1"]
[TimeControl "5400+30"]

1. Nf3 Nf6 2. g3 g6 3. b3 Bg7 4. Bb2 O-O 5. Bg2 c5 6. c4 d6 7. d4 Qa5+ 8. Bc3 Qc7 9. Nbd2 {[%emt 0:00:30] Against Ne4} Re8 10. O-O e5 11. dxe5 dxe5 12. Ng5 Nc6 13. Nge4 Nxe4 14. Nxe4 Rd8 {[%emt 0:01:30] Repels Qd6} 15. Qc1 Nd4 16. Re1 f5 17. Nd2 e4 18. Qb2 b6 19. Rad1 Bb7 20. Nb1 f4 {[%emt 0:17:30] [#] Threatens to win with ...e3.} 21. e3 fxe3 22. fxe3 Nf5 {[%emt 0:09:30][%cal Bd4f5,Bf5g7,Bg7e6][%mdl 32] Hoping for ...Rxd1.} (22... Nf3+ 23. Bxf3 exf3 24. Bxg7 Qxg7 25. Qxg7+ Kxg7 26. Nc3) 23. Bxg7 Nxg7 (23... Qxg7 {simplifies} 24. Qxg7+ Kxg7 25. Nc3 Rxd1 26. Rxd1 Rf8) 24. Bh3 Rd3 25. Rxd3 exd3 26. Nd2 Qc6 (26... Nf5 {feels hotter.} 27. Qf6 Rf8 28. Qg5 Qd8) 27. e4 {[%emt 0:00:30] The position is equal.} Ne6 $132 {[%emt 0:02:26][%mdl 2048] Black is fighting back} 28. Qc3 Ng5 29. Bg2 Rd8 30. Re3 Qd6 31. h4 Nxe4 32. Bxe4 Bxe4 33. Nxe4 d2 $1 34. Nxd2 Qxd2 $11 {[%emt 0:00:00][%mdl 4096] Endgame. KQR-KQR} 35. Qe5 Qd7 36. Qe4 Qd1+ 37. Re1 Qd4+ 38. Qxd4 Rxd4 {[%emt 0:00:30] KR-KR} 39. Re2 Kf7 40. Kf2 Rd3 41. Kg2 h5 42. Kf2 Kf6 43. Kg2 Kf7 44. Kh3 Kf6 45. Rf2+ Ke6 46. Rb2 Rc3 47. Rd2 Ke7 48. Re2+ Kf6 49. Rf2+ Ke7 50. Rd2 Re3 51. Kg2 Rc3 52. Kh3 Re3 53. Kg2 Rc3 {[%emt 0:00:00] Weighted Error Value: White=0.04 (flawless) /Black=0.04 (flawless) .  Inaccurate:     	White=2     	Black=3      OK:         	White=19    	Black=18     Best:        	White=1     	Black=1      Strong:       	---       	Black=1} 1/2-1/2

[Event "10th Cesme Open-A 2024"]
[Site "Cesme"]
[Date "2024.06.29"]
[Round "8"]
[White "Durak, Can"]
[Black "Zeynalli, Rashad"]
[Result "1-0"]
[ECO "D35"]
[WhiteElo "2442"]
[BlackElo "2127"]
[Annotator "TA"]
[PlyCount "107"]
[EventDate "2024.06.23"]
[EventType "swiss"]
[EventCountry "TUR"]
[SourceTitle "playchess.com"]
[Source "ChessBase"]
[SourceQuality "1"]
[TimeControl "5400+30"]

1. d4 d5 2. c4 Nc6 3. Nc3 Nf6 4. Nf3 e6 5. cxd5 exd5 6. Bg5 Be7 7. e3 h6 8. Bxf6 Bxf6 9. Bb5 {[%emt 0:00:00] White is slightly better.} O-O 10. Bxc6 bxc6 11. O-O Rb8 12. Na4 c5 13. Nxc5 (13. dxc5 Bg4 $11) 13... Rxb2 14. Qa4 Bg4 15. Nd3 {[%emt 0:01:30] Excellent horsemanship.} (15. Qxa7 Bxf3 16. gxf3 Bh4 $17) 15... Rb7 16. Nfe5 Be2 17. Rfe1 (17. Rfb1 $16 Qc8 18. Rb3) 17... Bxe5 $14 18. Nxe5 Bb5 19. Qc2 f6 20. Nf3 Qd6 21. Reb1 Rfb8 22. Nd2 Bd7 23. Rxb7 Rxb7 24. Nb3 Bb5 25. Nc5 Rb6 26. Qf5 Bc4 ({Better is} 26... Qd8 $1 $14) 27. Qc8+ $16 Kf7 28. a4 c6 29. h4 Be2 (29... Rb2 $142 30. Nb7 Qf8 31. Qd7+ (31. Qxc6 Rb6 $16) 31... Kg8) 30. Nb7 $18 Qf8 31. Qd7+ Kg8 32. Nc5 Qf7 {[%emt 0:01:30] Wards off Ne6} 33. Qc8+ Kh7 34. Re1 Qh5 35. Nd7 {[%emt 0:03:30] White has more active pieces.} Bg4 36. Nf8+ Kg8 37. Qd8 {[%emt 0:00:00] [#] Hoping for Nd7+.} Rb2 38. Ne6+ ({White should try} 38. Rc1 $14) 38... Kh7 $11 39. Qe7 Bxe6 40. Qxe6 {[%emt 0:07:30][%mdl 4096] Endgame. KQR-KQR} Ra2 41. Qxc6 {[%emt 0:00:30] Threatens to win with Qd7.} Qxh4 42. Rf1 Qe4 43. Qd7 Qc2 44. Qxd5 Rxa4 45. Qe6 Qd3 46. Rc1 $36 {[%emt 0:00:00][%mdl 2048] White has good play.} Ra5 47. g3 Rh5 48. Kg2 a5 49. Rc5 Qd1 (49... Rxc5 $11 {and Black has nothing to worry.} 50. dxc5 a4) 50. Rxh5 $18 ({Avoid the trap} 50. Qe4+ $2 f5 $19) 50... Qxh5 51. d5 {[%emt 0:00:30][%cal Bd4d5,Bd5d6,Bd6d7][%mdl 32] [#] White wants to mate with d6.} Qd1 $2 (51... a4 $18 52. Qe4+ Kg8) 52. d6 {[%emt 0:00:30] White mates.} a4 53. d7 Qd3 54. Qe7 {[%emt 0:00:30] Weighted Error Value: White=0.10 (very precise) /Black=0.33.  Loses game:     	---       	Black=1      Mistake:       	White=2     	Black=3      Inaccurate:     	White=1     	Black=3      OK:         	White=14    	Black=12     Best:        	White=4     	Black=11} 1-0

[Event "10th Cesme Open-A 2024"]
[Site "Cesme"]
[Date "2024.06.29"]
[Round "8"]
[White "Yermolinsky, Alex"]
[Black "Fromm, Marius"]
[Result "1/2-1/2"]
[ECO "E56"]
[WhiteElo "2421"]
[BlackElo "2465"]
[Annotator "TA"]
[PlyCount "160"]
[EventDate "2024.06.23"]
[EventType "swiss"]
[EventCountry "TUR"]
[SourceTitle "playchess.com"]
[Source "ChessBase"]
[SourceQuality "1"]
[TimeControl "5400+30"]

1. d4 Nf6 2. c4 e6 3. Nc3 Bb4 4. e3 O-O 5. Bd3 d5 6. Nf3 dxc4 7. Bxc4 c5 8. O-O Nc6 9. a3 Ba5 10. dxc5 Bxc3 11. bxc3 Qa5 12. Qe2 Rd8 13. e4 {[%emt 0:09:30] next Bg5 is good for White.} Qxc5 14. Bg5 (14. e5 $14 {was preferrable.} Nd5 15. Bd3) 14... h6 $11 15. Bh4 {[%emt 0:09:30] e5 is the strong threat.} g5 16. Bg3 Nh5 17. Rad1 Nxg3 18. hxg3 Bd7 19. Nd4 (19. e5 $15) 19... Be8 (19... Qxa3 $6 20. Qh5 $11) ({Black should play} 19... Ne5 $17 20. Bb5 a6 (20... Qxa3 21. Bxd7 Nxd7 22. Nb5 $11) 21. Bxd7 Nxd7 (21... Rxd7 22. f4 $11)) 20. Bxe6 fxe6 21. Nxe6 Qxc3 22. Nxd8 Rxd8 23. Rxd8 Nxd8 24. Rd1 Ne6 25. e5 Bc6 {[%emt 0:05:30][%cal Og8f8] Inhibits Qe4.} 26. Rd6 Kf7 27. Kh2 {[%emt 0:00:00][%cal Of2f4] [#] And now f4! would win. Chess con chili.} Ke7 (27... Qxa3 $2 28. Qh5+ (28. Qc4 Qxd6 29. exd6 Kf6 $18) 28... Ke7 29. Qxh6 $18) 28. Rd3 Bb5 29. Rxc3 Bxe2 30. Rc8 Kd7 31. Rh8 a5 32. Rxh6 b5 {[%emt 0:00:30] [#] Strongly threatening ...b4.} 33. Rh8 (33. f4 $11 gxf4 34. gxf4 Nxf4 35. Rd6+ Ke7 36. Kg3) 33... Kc6 (33... a4 $17) 34. f4 $1 gxf4 35. gxf4 Nxf4 36. Kg3 Ne6 37. Kf2 Bc4 38. Ke3 Kd5 39. Kd2 a4 ({Don't play} 39... Kxe5 40. Kc3 $17) 40. Rh5 Nf4 41. Rg5 Kd4 42. g3 Ne6 43. Rh5 Nc5 {[%emt 0:00:30] ...Ne4+ would now be deadly.} 44. Kc2 (44. g4 $1 $11) 44... Bd3+ 45. Kb2 Bg6 (45... Be2 $1 $15 46. Rh8 Bf3 (46... Kxe5 47. Kc3 $17)) 46. Rh4+ {[%emt 0:00:48] The position is equal.} Be4 47. g4 Nd3+ 48. Ka1 {[%emt 0:00:30] Threatens to win with e6.} Nxe5 49. g5 $1 Ng6 50. Rh3 Bf5 51. Rg3 Ne5 52. Kb2 Bg6 53. Rg1 $1 Nc4+ 54. Ka2 Ke5 55. Rf1 Bf5 56. Rg1 Bg6 57. Rf1 Bc2 58. Rf8 Ke6 59. Rf3 Ke7 60. Ka1 $1 Be4 61. Rf4 Bh7 62. Ka2 Bg8 63. Rf2 Be6 64. Rf4 Bf7 65. Rf2 Bd5 66. Rf4 Ke6 67. Rf8 Ke7 68. Rf4 Bg8 69. Rf2 Nd6+ 70. Kb2 Bh7 71. Rh2 Bf5 72. Kc3 Nf7 73. Kb4 Bd3 (73... Nxg5 {simplifies} 74. Kxb5 Bd7+ 75. Kb4 Be8) 74. Rh3 Bc4 (74... Nxg5 75. Rxd3 Kf6 76. Kxb5 $18) 75. g6 Ne5 76. Re3 (76. Rh4 {simplifies} Nxg6 77. Rxc4 bxc4 78. Kxc4 Nf4 79. Kb4) 76... Kf6 77. g7 Nc6+ 78. Kc5 Ne7 79. Re4 Ng8 80. Rxc4 bxc4 {[%emt 0:00:00] Weighted Error Value: White=0.09 (flawless) /Black=0.09 (flawless) .  Mistake:       	White=4     	Black=3      Inaccurate:     	White=1     	Black=3      OK:         	White=35    	Black=19     Best:        	White=5     	---        Strong:       	White=4     	---} 1/2-1/2

[Event "10th Cesme Open-A 2024"]
[Site "Cesme"]
[Date "2024.06.29"]
[Round "8"]
[White "Schekachikhin, Maksim"]
[Black "Ebrahimi Herab, Hamidreza"]
[Result "1-0"]
[ECO "D85"]
[WhiteElo "2343"]
[BlackElo "2333"]
[Annotator "RC"]
[PlyCount "87"]
[EventDate "2024.06.23"]
[EventType "swiss"]
[EventCountry "TUR"]
[SourceTitle "playchess.com"]
[Source "ChessBase"]
[SourceQuality "1"]
[TimeControl "5400+30"]

1. d4 Nf6 2. c4 g6 3. Nc3 d5 4. Nf3 Bg7 5. cxd5 Nxd5 6. e4 Nxc3 7. bxc3 c5 8. Bb5+ Nc6 9. Rb1 O-O 10. d5 Ne5 11. O-O Nxf3+ 12. Qxf3 f5 13. Bc4 fxe4 14. Qxe4 Bf5 15. d6+ Kh8 16. Qe3 exd6 17. Rxb7 Qh4 18. Bd5 Rae8 19. Qd2 Re7 20. g3 Qf6 21. Rxe7 Qxe7 22. Re1 Qf6 23. c4 Bh3 24. Qe2 Bg4 25. Qc2 Bf5 26. Qd2 Bh3 27. Re2 Rb8 28. Qe1 Rb1 29. Re8+ Bf8 30. Be4 Rxc1 31. Qxc1 Kg7 32. Bd5 h6 33. Qb1 h5 34. Rb8 Kh7 35. Rb7+ Bg7 36. Rxa7 Qc3 37. Re7 Kh6 38. Qe1 Qb2 39. Re2 Qa3 40. Qd2+ Kh7 41. Re8 Qa4 42. Ra8 Bc3 43. Rxa4 Bxd2 44. Ra7+ 1-0

[Event "10th Cesme Open-A 2024"]
[Site "Cesme"]
[Date "2024.06.29"]
[Round "8"]
[White "Yurtseven, Melih"]
[Black "Barrish, Daniel"]
[Result "1/2-1/2"]
[ECO "A21"]
[WhiteElo "2333"]
[BlackElo "2256"]
[Annotator "RC"]
[PlyCount "121"]
[EventDate "2024.06.23"]
[EventType "swiss"]
[EventCountry "TUR"]
[SourceTitle "playchess.com"]
[Source "ChessBase"]
[SourceQuality "1"]
[TimeControl "5400+30"]

1. c4 e5 2. Nc3 Bb4 3. Nd5 Be7 4. Nf3 d6 5. g3 Nf6 6. Nc3 Be6 7. d4 Nbd7 8. b3 c6 9. Bg2 h6 10. O-O e4 11. d5 cxd5 12. Nd4 dxc4 13. Nxe6 fxe6 14. bxc4 Nc5 15. Be3 O-O 16. Bxc5 dxc5 17. Nxe4 Nxe4 18. Bxe4 Rb8 19. Qa4 Qd4 20. Bf3 Bf6 21. Rab1 b6 22. Rfd1 Qc3 23. Qxa7 Qxc4 24. Rdc1 Qd4 25. Rxb6 Qd2 26. Rxb8 Qxc1+ 27. Kg2 Rxb8 28. Qxb8+ Kf7 29. a4 c4 30. a5 Qa3 31. Qb7+ Qe7 32. a6 Qxb7 33. Bxb7 Bd4 34. f4 Ke7 35. Kf3 c3 36. Be4 Kd6 37. Bd3 Kc6 38. Ke4 Bf6 39. Ke3 Kb6 40. Bc4 Bd4+ 41. Kd3 Bg1 42. h3 Bh2 43. Kxc3 Bxg3 44. e3 g5 45. fxg5 hxg5 46. Kd4 e5+ 47. Kd5 Bf2 48. Ke4 Bg1 49. Kf3 Ka7 50. Bd3 Kb6 51. Bf1 Ka7 52. Bb5 Kb6 53. Bc4 Ka7 54. e4 Bh2 55. Kg4 Bf4 56. Kf5 Kb6 57. Ke6 Bg3 58. Kd7 Ka7 59. Kc7 Bf4 60. Kc8 Bg3 61. Kc7 1/2-1/2

[Event "10th Cesme Open-A 2024"]
[Site "Cesme"]
[Date "2024.06.29"]
[Round "8"]
[White "Kamer, Kayra"]
[Black "Kovalev, Vladislav"]
[Result "0-1"]
[ECO "C47"]
[WhiteElo "2316"]
[BlackElo "2559"]
[Annotator "TA"]
[PlyCount "70"]
[EventDate "2024.06.23"]
[EventType "swiss"]
[EventCountry "TUR"]
[SourceTitle "playchess.com"]
[Source "ChessBase"]
[SourceQuality "1"]
[TimeControl "5400+30"]

1. e4 e5 2. Nf3 Nc6 3. Nc3 Nf6 4. a3 g6 5. d4 exd4 6. Nxd4 Bg7 7. Nde2 d6 8. g3 {[%emt 0:00:30] The position is equal.} Be6 9. Bg2 Qd7 10. Nd5 h5 11. h3 Ne5 12. Nd4 ({White should play} 12. f4 $1 $14 Nc6 13. c4) 12... Nxd5 ({Black should try} 12... O-O-O $15) 13. Nxe6 (13. exd5 $5 Bf5 $8 14. Nxf5 Qxf5 15. O-O $11) 13... Qxe6 14. Qxd5 Qxd5 15. exd5 f5 16. Rb1 Kf7 17. b3 Rae8 {[%emt 0:01:30] [#] ...Nd3+ would now be deadly.} 18. O-O h4 19. Bd2 Nd7 20. Rbe1 hxg3 21. fxg3 Bd4+ 22. Kh1 Rxe1 23. Bxe1 Nf6 24. Rf4 Re8 {[%emt 0:06:31] Black is more active.} 25. Ba5 Bc5 26. Bf3 b6 27. Bb4 Bxb4 ({Better is} 27... a5 $17 28. Bc3 Bxa3) 28. axb4 $17 {[%emt 0:02:30][%mdl 4096] Endgame. KRB-KRN} (28. Rxb4 $15 Re3 29. Kg2) 28... Re3 29. g4 Rc3 30. b5 fxg4 ({Resist} 30... Rxc2 31. g5 Nd7 32. Rc4 $17) 31. hxg4 (31. Bxg4 $142 Rxc2 32. Be6+ Kg7 33. Kg1) 31... g5 $19 (31... Rxc2 $2 {loses.} 32. g5 $18) 32. Rf5 {[%emt 0:00:30] Black is clearly better.} Kg6 33. Bd1 Ne4 {[%emt 0:00:30] [#] Threatens to win with ...Ng3+.} 34. Kg2 Rg3+ 35. Kh2 {[%emt 0:00:30] And now Bf3 would win.} Re3 {[%emt 0:06:52] Weighted Error Value: White=0.22 (precise) /Black=0.09 (flawless) .  Mistake:       	White=3     	Black=2      Inaccurate:     	White=3     	Black=1      OK:         	White=10    	Black=14     Best:        	White=1     	Black=2} 0-1

[Event "10th Cesme Open-A 2024"]
[Site "Cesme"]
[Date "2024.06.29"]
[Round "8"]
[White "Bicer, Atakan Mert"]
[Black "Rasulov, Vugar"]
[Result "0-1"]
[ECO "C90"]
[WhiteElo "2313"]
[BlackElo "2557"]
[Annotator "RC"]
[PlyCount "120"]
[EventDate "2024.06.23"]
[EventType "swiss"]
[EventCountry "TUR"]
[SourceTitle "playchess.com"]
[Source "ChessBase"]
[SourceQuality "1"]
[TimeControl "5400+30"]

1. e4 e5 2. Nf3 Nc6 3. Bb5 a6 4. Ba4 Nf6 5. O-O Be7 6. Re1 b5 7. Bb3 O-O 8. a4 Bb7 9. d3 d6 10. c3 Na5 11. Bc2 c5 12. Nbd2 Re8 13. Nf1 Bf8 14. Bg5 h6 15. Bh4 g6 16. Ne3 Bg7 17. Qd2 c4 18. Bxf6 Qxf6 19. d4 Qd8 20. d5 Bc8 21. axb5 axb5 22. Ra2 Re7 23. Rea1 Rea7 24. Qe2 Bd7 25. Nd2 h5 26. b4 cxb3 27. Nxb3 Bh6 28. Nxa5 Rxa5 29. Bd3 Bxe3 30. fxe3 Ra4 31. Rxa4 bxa4 32. Bb5 a3 33. Bxd7 Qxd7 34. Kf2 Qd8 35. g3 Qb6 36. Qc2 Kg7 37. Ke2 Qa6+ 38. Qd3 Qa4 39. c4 a2 40. Kf3 Ra5 41. h3 Qd7 42. Kg2 Qa7 43. Kf2 Ra4 44. Qe2 Qa6 45. Kf3 Ra3 46. g4 hxg4+ 47. hxg4 Qa7 48. g5 Qa8 49. Qb2 Qa7 50. Qf2 Kg8 51. Qe2 Qa8 52. Qb2 Ra4 53. c5 Qc8 54. Qh2 Rxe4 55. Rh1 Qg4+ 56. Kf2 Qh4+ 57. Qxh4 Rxh4 58. Rd1 Ra4 59. Ra1 dxc5 60. d6 Kf8 0-1

[Event "10th Cesme Open-A 2024"]
[Site "Cesme"]
[Date "2024.06.29"]
[Round "8"]
[White "Taspinar, Yanki"]
[Black "Karaoglan, Kivanc"]
[Result "1-0"]
[ECO "E52"]
[WhiteElo "2309"]
[BlackElo "2274"]
[Annotator "RC"]
[PlyCount "95"]
[EventDate "2024.06.23"]
[EventType "swiss"]
[EventCountry "TUR"]
[SourceTitle "playchess.com"]
[Source "ChessBase"]
[SourceQuality "1"]
[TimeControl "5400+30"]

1. d4 Nf6 2. c4 e6 3. Nc3 Bb4 4. e3 b6 5. Bd2 Bb7 6. Nf3 O-O 7. Bd3 d5 8. cxd5 exd5 9. O-O Nbd7 10. Qc2 a6 11. Ne5 Nxe5 12. dxe5 Ne4 13. Bxe4 dxe4 14. Rfd1 Qe8 15. a3 Bxc3 16. Bxc3 Qe6 17. Qd2 Bc6 18. Qd4 h5 19. Rac1 Rfd8 20. Qxd8+ Rxd8 21. Rxd8+ Kh7 22. Bd4 h4 23. h3 g5 24. Kh2 a5 25. b4 axb4 26. axb4 b5 27. Rc5 Kg6 28. Rg8+ Kh6 29. Kg1 Kh5 30. Rf8 Kg6 31. Rd8 Kh7 32. Kh2 Kg6 33. Rc3 Kh7 34. Rc1 Qe7 35. Rc8 Bd5 36. R1xc7 Qxb4 37. Re8 Kg6 38. Rg8+ Kf5 39. Rh8 f6 40. Rc5 Ke6 41. Rh6 Bc4 42. Rxf6+ Kd7 43. Rd6+ Ke8 44. Rc8+ Kf7 45. Rc7+ Ke8 46. Rh6 Kd8 47. Bb6 Qb2 48. Rh8+ 1-0

[Event "10th Cesme Open-A 2024"]
[Site "Cesme"]
[Date "2024.06.29"]
[Round "8"]
[White "Koksal, Ege"]
[Black "Pacher, Milan"]
[Result "1-0"]
[ECO "D28"]
[WhiteElo "2297"]
[BlackElo "2387"]
[Annotator "RC"]
[PlyCount "45"]
[EventDate "2024.06.23"]
[EventType "swiss"]
[EventCountry "TUR"]
[SourceTitle "playchess.com"]
[Source "ChessBase"]
[SourceQuality "1"]
[TimeControl "5400+30"]

1. d4 d5 2. c4 dxc4 3. Nf3 Nf6 4. e3 e6 5. Bxc4 c5 6. O-O Nc6 7. Qe2 a6 8. Rd1 b5 9. dxc5 Qc7 10. Bd3 Bxc5 11. a4 bxa4 12. Rxa4 O-O 13. Bd2 Bb7 14. Bc3 e5 15. Nbd2 Rfd8 16. Ne4 Nxe4 17. Bxe4 Rxd1+ 18. Qxd1 Rd8 19. Qc2 h6 20. Rc4 Qd6 21. g3 f5 22. Bxf5 Na5 23. Bxa5 1-0

[Event "10th Cesme Open-A 2024"]
[Site "Cesme"]
[Date "2024.06.29"]
[Round "8"]
[White "Erten, Kerem"]
[Black "Kilic, Eray"]
[Result "1/2-1/2"]
[ECO "B51"]
[WhiteElo "2277"]
[BlackElo "2443"]
[Annotator "RC"]
[PlyCount "95"]
[EventDate "2024.06.23"]
[EventType "swiss"]
[EventCountry "TUR"]
[SourceTitle "playchess.com"]
[Source "ChessBase"]
[SourceQuality "1"]
[TimeControl "5400+30"]

1. e4 c5 2. Nf3 d6 3. Bb5+ Nd7 4. O-O a6 5. Bd3 Ngf6 6. Re1 e6 7. c3 b5 8. a4 Bb7 9. Bc2 c4 10. d3 cxd3 11. Qxd3 Nc5 12. Qe2 bxa4 13. Bxa4+ Nxa4 14. Rxa4 Be7 15. Bg5 O-O 16. Nbd2 h6 17. Be3 Nd7 18. Rea1 Qc7 19. Nb3 d5 20. Na5 dxe4 21. Nd2 Bd5 22. Nxe4 f5 23. Nd2 f4 24. Bd4 e5 25. c4 f3 26. Qe1 Bf7 27. Nxf3 exd4 28. Qxe7 Rae8 29. Qh4 Nc5 30. R4a3 Re4 31. Qg3 Qb6 32. h3 Bh5 33. b4 Ne6 34. Kh2 Re2 35. c5 Qxb4 36. Nc6 Qxc5 37. Nce5 Bxf3 38. Nd7 Qc2 39. Nxf8 Ng5 40. Rxf3 Nxf3+ 41. Qxf3 Rxf2 42. Qd5+ Kxf8 43. Rxa6 Qc7+ 44. Kg1 Qc1+ 45. Kxf2 Qe3+ 46. Kf1 Qc1+ 47. Kf2 Qe3+ 48. Kf1 1/2-1/2

[Event "10th Cesme Open-A 2024"]
[Site "Cesme"]
[Date "2024.06.29"]
[Round "8"]
[White "Eke, Salih"]
[Black "Domalchuk-Jonasson, Aleksandr"]
[Result "1/2-1/2"]
[ECO "C01"]
[WhiteElo "2251"]
[BlackElo "2380"]
[Annotator "RC"]
[PlyCount "122"]
[EventDate "2024.06.23"]
[EventType "swiss"]
[EventCountry "TUR"]
[SourceTitle "playchess.com"]
[Source "ChessBase"]
[SourceQuality "1"]
[TimeControl "5400+30"]

1. d4 e6 2. c4 b6 3. e4 Bb4+ 4. Bd2 Bxd2+ 5. Nxd2 Ne7 6. Bd3 d6 7. Ngf3 e5 8. Qe2 Ng6 9. g3 Bh3 10. O-O-O Nc6 11. d5 Nb4 12. Bb1 a5 13. Nf1 Qf6 14. Ne3 h5 15. Ne1 Na6 16. Nd3 Nc5 17. f3 Rb8 18. Bc2 Kf8 19. Kb1 h4 20. Rhg1 Kg8 21. Nf5 Bxf5 22. exf5 Ne7 23. g4 Nxd3 24. Bxd3 g5 25. fxg6 fxg6 26. g5 Qf7 27. f4 exf4 28. Qe4 Rf8 29. Rde1 Rh7 30. Rgf1 h3 31. Rf3 Qf5 32. Qxf5 Nxf5 33. Rxf4 Rh5 34. Rg1 Re8 35. Kc1 Re5 36. Kd2 Kg7 37. b3 Rh4 38. Rxh4 Nxh4 39. Rg3 Rxg5 40. Rxh3 Rg2+ 41. Ke3 g5 42. Rg3 Rxa2 43. Rxg5+ Kf6 44. Rg4 Rxh2 45. Be4 Nf5+ 46. Bxf5 Kxf5 47. Rg7 Rh3+ 48. Kd4 Rxb3 49. Rf7+ Kg5 50. Rxc7 Rb4 51. Kc3 b5 52. cxb5 Rxb5 53. Kc4 Rb4+ 54. Kc3 Kf5 55. Ra7 Ra4 56. Kb3 Ra1 57. Kb2 Rd1 58. Rxa5 Ke4 59. Kc2 Rxd5 60. Rxd5 Kxd5 61. Kd3 Ke5 1/2-1/2

[Event "10th Cesme Open-A 2024"]
[Site "Cesme"]
[Date "2024.06.29"]
[Round "8"]
[White "Ince, Taylan Ruzgar"]
[Black "Anacak, Hasan Gunes"]
[Result "1/2-1/2"]
[ECO "B52"]
[WhiteElo "2243"]
[BlackElo "2095"]
[Annotator "RC"]
[PlyCount "55"]
[EventDate "2024.06.23"]
[EventType "swiss"]
[EventCountry "TUR"]
[SourceTitle "playchess.com"]
[Source "ChessBase"]
[SourceQuality "1"]
[TimeControl "5400+30"]

1. e4 c5 2. Nf3 d6 3. Bb5+ Bd7 4. Bxd7+ Nxd7 5. O-O Ngf6 6. Qe2 e6 7. b3 Be7 8. Bb2 O-O 9. c4 Qb6 10. Nc3 Ne5 11. Rad1 Qc6 12. Ne1 Ng6 13. f4 a6 14. a4 Bd8 15. f5 Ne5 16. Nd3 Ba5 17. Nxe5 dxe5 18. d3 Qd6 19. Kh1 Nd7 20. fxe6 fxe6 21. Nb1 Rxf1+ 22. Rxf1 Rf8 23. Rxf8+ Qxf8 24. g3 Qf6 25. Kg2 Qg5 26. Nc3 Nb8 27. h4 Qh6 28. Nd1 1/2-1/2

[Event "10th Cesme Open-A 2024"]
[Site "Cesme"]
[Date "2024.06.29"]
[Round "8"]
[White "Caputcuoglu, Zeki Berke"]
[Black "Haznedaroglu, Kivanc"]
[Result "1-0"]
[ECO "D16"]
[WhiteElo "2239"]
[BlackElo "2359"]
[Annotator "RC"]
[PlyCount "61"]
[EventDate "2024.06.23"]
[EventType "swiss"]
[EventCountry "TUR"]
[SourceTitle "playchess.com"]
[Source "ChessBase"]
[SourceQuality "1"]
[TimeControl "5400+30"]

1. Nf3 d5 2. d4 Nf6 3. c4 c6 4. Nc3 dxc4 5. a4 a5 6. e4 Bg4 7. Bxc4 e6 8. O-O Be7 9. Be3 Nbd7 10. h3 Bh5 11. Be2 O-O 12. Nd2 Bxe2 13. Qxe2 Qb6 14. Nc4 Qa6 15. Bf4 Bb4 16. Rac1 Rfe8 17. Rfe1 Nb6 18. b3 Rac8 19. Nd6 Qxe2 20. Rxe2 Bxd6 21. Bxd6 Red8 22. e5 Ne8 23. Ne4 f5 24. Nc5 Nxd6 25. exd6 Rxd6 26. Nxb7 Rxd4 27. Nxa5 c5 28. Rxe6 Nd5 29. Nc6 Rd3 30. Rxc5 Kf8 31. Rd6 1-0